 Dungeon Crawl Stone Soup version 0.32-a0-711-g016ad743e0 (webtiles) character file.

Game seed: 15509128031141590218

875 Ruich the Firebug (level 7, -1/50 HPs)
             Began as a Demigod Fire Elementalist on Mar 15, 2024.
             Killed themself with a badly aimed concussive blast (15 damage)
             ... on level 4 of the Dungeon.
             The game lasted 00:11:06 (4309 turns).

Ruich the Firebug (Demigod Fire Elementalist)       Turns: 4309, Time: 00:11:07

Health: -1/50      AC:  3    Str:  9    XL:     7   Next: 45%
Magic:  21/24      EV: 11    Int: 25    God:
Gold:   112        SH:  0    Dex: 14    Spells: 7/13 levels left

rFire   . . .        l - +4 dagger (drain)
rCold   . . .        (no shield)
rNeg    . . .        a - +0 robe
rPois   .            h - +0 hat
rElec   .            (no cloak)
rCorr   .            d - +0 pair of gloves
SInv    .            (no boots)
Will    .....        (no amulet)
Stlth   ++           q - ring of magical power
HPRegen 0.28/turn    (no ring)
MPRegen 0.19/turn

%: no passive effects
@: no status effects
A: high MP 1, forlorn, divine attributes
a: no special abilities


You were on level 4 of the Dungeon.
You visited 1 branch of the dungeon, and saw 5 of its levels.

You collected 112 gold pieces.


Innate Abilities, Weirdness & Mutations

You have an increased reservoir of magic. (+10% MP)
You shall have no god before yourself.
Your divine heritage dramatically boosts your attributes as you level up.


   Skills:
 - Level 1.8 Dodging
 - Level 1.8 Stealth
 + Level 3.7 Spellcasting
 + Level 3.6 Conjurations
 + Level 2.5 Translocations
 * Level 5.9 Fire Magic


You had 7 spell levels left.
You knew the following spells:

 Your Spells              Type           Power      Damage    Failure   Level
b - Volatile Blastmotes   Fire/Tloc      52%        2d14      4%          3
f - Foxfire               Conj/Fire      100%       2x1d9     1%          1
s - Scorch                Fire           68%        2d7       1%          2

Your spell library contained the following spells:

 Spells                   Type           Power      Damage    Failure   Level
 Inner Flame              Hex/Fire       19%        N/A       9%          3
 Flame Wave               Conj/Fire      28%        2d9       13%         4
 Ensorcelled Hibernation  Hex/Ice        8%         N/A       14%         2
 Fugue of the Fallen      Necr           4%         N/A       28%         3
 Anguish                  Hex/Necr       2%         N/A       67%         4

Inventory:

Hand Weapons
 l - a +4 dagger of draining (weapon)
Missiles
 o - a throwing net {=f}
Armour
 a - a +0 robe (worn)
 d - a +0 pair of gloves (worn)
 h - a +0 hat (worn)
Jewellery
 q - a ring of magical power (left hand)
Scrolls
 m - a scroll of fear
Potions
 b - a potion of magic
 g - a potion of berserk rage {unknown}
 k - a potion of heal wounds {@q2}
 n - 2 potions of brilliance
 p - a potion of curing {@q1}
 r - a potion of ambrosia {unknown}

Dungeon Overview and Level Annotations

Branches:
Dungeon (5/15) Zot: 25691
 Temple: D:4-7

Shops:
D:5

= ####### #####
#.....########### ....#
#.....#.........# ....#
#.....#.........# ....#
####.....#>........#
....###........#@h.......#
.....#..#......#.........#
.....#.........#.........#
.###....#.....<#.........#
.###....#......#.........#
#.......#......#.........#
#..............#.........#
#......#.......#.###.########
###....#.........# #........#


You could see a black bear.


Message History

You climb downwards.
The black bear bites you. The black bear claws you. The black bear misses you.
The iguana closely misses you. The black bear barely misses you.
The black bear claws you. The black bear barely misses you.
The iguana closely misses you.
There is a stone staircase leading up, spattered with blood here.
Unknown command.
The black bear bites you. The black bear closely misses you.
The black bear barely misses you.
The iguana hisses menacingly.
The iguana misses you.
You climb upwards.
There is a stone staircase leading down here.
Unknown command.
Casting: Scorch (safe; 1% risk of failure)
Confirm with . or Enter, or press ? or * to list all spells.
A cloud of volatile blastmotes flares up around you!
Run!
The black bear bites you. The black bear closely misses you. x2
The iguana bites you!
* * * LOW HITPOINT WARNING * * *
Unknown command.
The black bear bites you.
* * * LOW HITPOINT WARNING * * *
The black bear claws you.
* * * LOW HITPOINT WARNING * * *
The black bear barely misses you. The iguana attacks as it pursues you!
The iguana barely misses you.
The cloud of blastmotes explodes!
The concussive blast engulfs the iguana!!
You kill the iguana!
The concussive blast engulfs you!
You die...

Skill      XL: |  1  2  3  4  5  6 |
---------------+-------------------+-----
Conjurations   | 1 2 3 |  3.6
Fire Magic     | 3 4 5 |  5.9
Spellcasting   | 2 3 |  3.7
Translocations | 1 2 |  2.5
Dodging        | |  1.8
Stealth        | |  1.8

Action                     |  1- 3 |  4- 6 |  7- 9 || total
---------------------------+-------+-------+-------++-------
  Melee: Club              |     1 |       |       ||     1
         Unarmed           |     1 |       |       ||     1
         Dagger            |     1 |    36 |       ||    37
   Cast: Foxfire           |    25 |    31 |     5 ||    61
         Scorch            |    23 |    47 |    19 ||    89
         Volatile Blastmot |       |       |     1 ||     1
    Use: Scroll            |       |       |     6 ||     6
 Armour: Robe              |     6 |    32 |    13 ||    51
  Dodge: Dodged            |    15 |    27 |    16 ||    58

Levels and vault maps discovered:
D:1:      lightli_arrival_quake, layout_basic, nicolae_figureground_sparkle
D:2:      layout_loops_cross, basic_altar, uniq_jessica
D:3:      layout_basic, serial_undead, serial_undead_d, serial_undead_c,
          serial_undead_a, serial_undead_d, serial_undead_a, serial_undead_b,
          serial_undead_d, serial_undead_a, serial_undead_e, serial_undead_a
D:4:      layout_rooms, grunt_dithmenos_smoke_and_mirrors, minitemple
D:5:      layout_basic, mainiacjoe_overflow_alcove_4, lemuel_round_altar,
          serial_glass, glass_columns_a, glass_columns_a, glass_columns_b,
          glass_columns_a, glass_columns_c, glass_columns_c, glass_columns_c,
          glass_columns_a, serial_shops, shop, shop_coins,
          nicolae_lakefront_shop, shop, shop

Notes
Turn   | Place    | Note
-------+----------+-------------------------------------------
     0 | D:1      | Ruich the Demigod Fire Elementalist began the quest for the
                  | Orb.
     0 | D:1      | Reached XP level 1. HP: 14/14 MP: 5/5
   123 | D:1      | Reached skill level 1 in Conjurations
   404 | D:1      | Reached skill level 3 in Fire Magic
   404 | D:1      | Reached XP level 2. HP: 20/20 MP: 4/7
   412 | D:1      | Learned a level 2 spell: Scorch
   446 | D:1      | Reached skill level 2 in Spellcasting
   913 | D:2      | Noticed Jessica
   917 | D:2      | Killed Jessica
   918 | D:2      | Reached XP level 3. HP: 26/26 MP: 1/9
  1834 | D:3      | Reached XP level 4. HP: 27/33 MP: 2/10
  1840 | D:3      | Reached skill level 2 in Conjurations
  2071 | D:3      | Reached skill level 4 in Fire Magic
  2430 | D:3      | Reached XP level 5. HP: 26/38 MP: 1/12
  2523 | D:3      | Learned a level 3 spell: Volatile Blastmotes
  3082 | D:4      | Noticed a black bear
  3166 | D:4      | Reached skill level 3 in Spellcasting
  3166 | D:4      | Reached skill level 1 in Translocations
  3166 | D:4      | Reached XP level 6. HP: 45/45 MP: 6/13
  3251 | D:4      | Reached skill level 3 in Conjurations
  3251 | D:4      | Reached skill level 5 in Fire Magic
  3580 | D:4      | Reached skill level 2 in Translocations
  3588 | D:4      | Reached XP level 7. HP: 50/50 MP: 7/15
  4011 | D:5      | Entered Level 5 of the Dungeon
  4011 | D:5      | Found Xeann's Jewellery Emporium.
  4309 | D:4      | Killed themself with a badly aimed concussive blast

Vanquished Creatures
  An ice beast (D:4)
  A black bear (D:4)
  4 scorpions (D:4)
  A bombardier beetle (D:4)
  A hound (D:4)
  A sleepcap (D:4)
  Jessica (D:2)
  4 iguanas
  A scorpion zombie (D:3)
  2 orc wizards
  A hound skeleton (D:3)
  A hound zombie (D:3)
  7 adders
  2 adder skeletons (D:3)
  3 adder zombies (D:3)
  2 dart slugs (D:1)
  8 orcs
  6 ball pythons
  4 bats
  9 endoplasms
  12 hobgoblins
  2 jackals (D:2)
  3 kobolds
  2 quokkas
  A ball python skeleton (D:3)
  6 goblins
  A jackal skeleton (D:3)
  A quokka skeleton (D:3)
  A rat (D:3)
89 creatures vanquished.

Vanquished Creatures (collateral kills)
  A foxfire (D:2)
1 creature vanquished.

Vanquished Creatures (others)
  99 foxfires
99 creatures vanquished.

Grand Total: 189 creatures vanquished

Table legend: (Time is in decaauts)
 A = Elapsed time spent in this place.
 B = Non-inter-level travel time spent in this place.
 C = Inter-level travel time spent in this place.
 D = Time resting spent in this place.
 E = Time spent auto-exploring this place.
 F = Levels seen in this place.
 G = Mean time per level.
                   A        B        C        D        E       F      G
               +--------+--------+--------+--------+--------+-----+--------+
         Total |   4308 |   4194 |    114 |   1271 |   2289 |   5 |  861.6 |
       Dungeon |   4308 |   4194 |    114 |   1271 |   2289 |   5 |  861.6 |
               +--------+--------+--------+--------+--------+-----+--------+

Top non-repeatable levels by time:
     D:3: 1412 daAuts
     D:4: 1160 daAuts
     D:1: 912 daAuts
     D:2: 794 daAuts
     D:5: 27 daAuts

Table legend:
 A = Non-vault XP
 B = Vault XP
 C = Vault XP percentage of total XP
 D = Non-vault monster count
 E = Vault monster count
 F = Vault count percentage of total count
                 A         B        C        D         E       F
            +---------+---------+-------+---------+---------+-------
      Total |    1144 |     141 |  11.0 |      77 |      12 |  13.5
            +---------+---------+-------+---------+---------+-------
        D:1 |      29 |       0 |   0.0 |      13 |       0 |   0.0
        D:2 |      21 |      37 |  63.8 |      12 |       1 |   7.7
        D:3 |     133 |     104 |  43.9 |      20 |      11 |  35.5
        D:4 |     924 |       0 |   0.0 |      31 |       0 |   0.0
        D:5 |      37 |       0 |   0.0 |       1 |       0 |   0.0
            +---------+---------+-------+---------+---------+-------
